 Dungeon Crawl Stone Soup version 0.31.0 (webtiles) character file.

Game seed: 17885559147737828876

117 qw the Shooter (level 5, -3/32 HPs)
             Began as a Gargoyle Hunter on Jan 19, 2024.
             Was an Initiate of Okawaru.
             Killed from afar by an orc wizard (7 damage)
             ... with a puff of flame
             ... on level 4 of the Dungeon.
             The game lasted 00:00:08 (2239 turns).

qw the Shooter (Gargoyle Hunter)                    Turns: 2239, Time: 00:00:08

Health: -3/32      AC: 10    Str: 15    XL:     5   Next: 1%
Magic:  5/5        EV: 11    Int:  9    God:    Okawaru [......]
Gold:   144        SH:  0    Dex: 15    Spells: 4/4 levels left

rFire   . . .        a - +0 shortbow
rCold   . . .        (shield currently unavailable)
rNeg    + . .        d - +0 ring mail
rPois   inf          h - +0 helmet
rElec   +            (no cloak)
rCorr   .            (no gloves)
SInv    .            (no boots)
Will    .....        j - amulet of regeneration
Stlth   +            (no ring)
HPRegen 1.05/turn    (no ring)
MPRegen 0.09/turn

%: no passive effects
@: about to teleport
A: sickness immunity, AC +4, negative energy resistance 1, electricity
resistance, torment resistance 1, petrification resistance
a: Renounce Religion


You were on level 4 of the Dungeon.
You worshipped Okawaru.
Okawaru was noncommittal.
You visited 1 branch of the dungeon, and saw 4 of its levels.

You collected 144 gold pieces.


Innate Abilities, Weirdness & Mutations

You are immune to sickness and miasma.
Your stone body is resilient. (AC +4)
You are immune to poison.
You resist negative energy. (rN+)
You are resistant to electric shocks. (rElec)
You are resistant to unholy torment.
You are immune to petrification.


   Skills:
 - Level 3.1 Fighting
 + Level 5.2 Ranged Weapons
 - Level 2.4 Armour
 - Level 1.5 Dodging
 - Level 1.1 Stealth


You had 4 spell levels left.
You didn't know any spells.
Your spell library was empty.

Inventory:

Hand Weapons
 a - a +0 shortbow (weapon)
Armour
 d - a +0 ring mail (worn)
 h - a +0 helmet (worn)
Jewellery
 j - an amulet of regeneration (around neck)
Wands
 l - a wand of polymorph (5)
Scrolls
 e - a scroll of teleportation
Potions
 b - a potion of haste {unknown}
 c - a potion of might {unknown}
 f - a potion of cancellation
 g - 3 potions of curing
 i - a potion of mutation
 k - a potion of enlightenment {unknown}

Dungeon Overview and Level Annotations

Branches:
Dungeon (4/15)
 Temple: D:4-7

Altars:
Elyvilon
Gozag
Hepliaklqana
Okawaru
Sif Muna
Trog
Vehumet


Message History

The orc priest calls down the wrath of Beogh upon you.
Pain shoots through your body!
You shoot an arrow. The arrow barely misses the hound.
The hound barely misses you. The hound bites you but does no damage.
The orc wizard hits you but does no damage.
The orc barely misses you.
You shoot an arrow.
The arrow hits the hound but does no damage.
The hound is severely wounded.
The hound bites you but does no damage.
The orc wizard hits you but does no damage.
The orc hits you with a +2 flail of protection.
The orc priest hits you with a +0 club. The hound bites you but does no damage.
You shoot an arrow. The arrow hits the hound.
The hound is severely wounded.
The hound bites you but does no damage.
The orc wizard hits you but does no damage.
The kobold hits you but does no damage.
A goblin comes into view. It is wielding a +0 club.
The orc priest hits you but does no damage.
The hound closely misses you.
The orc priest hits you but does no damage.
The orc hits you with a +2 flail of protection.
The kobold hits you but does no damage. The orc wizard barely misses you.
2238 ||| READING 2 scrolls of teleportation.
As you read the scroll of teleportation, it crumbles to dust.
You feel strangely unstable.
The goblin shouts!
You hear a shout!
The hound bites you. The kobold hits you but does no damage.
The orc wizard mumbles some strange words.
The orc wizard flickers and vanishes!
Deactivating autopickup; reactivate with Ctrl-A.
The orc priest closely misses you.
You shoot an arrow. The arrow hits the hound!
You kill the hound!
Okawaru accepts your kill.
You hear some strange, mumbled words.
A puff of flame appears from out of thin air!
The puff of flame hits you!
You die...

#. #.# ###.#
#. #.# #.# #.
#.# ##.# #.#
#..# ..# #..#
#.# #..#
#.####..#
#.......###.#
#.###.@o...#
...g..o{K###.#
#.#####o...
#......
#..###.# #..#
# #..# #..#


You could see an orc priest, 2 orcs, a goblin and a kobold.

Vanquished Creatures
  A hound (D:4)
  An orc priest (D:3)
  Robin (D:3)
  An adder (D:3)
  2 dart slugs
  5 orcs (D:3)
  4 endoplasms
  A giant cockroach (D:1)
  13 goblins
  3 hobgoblins
  2 jackals (D:3)
  3 kobolds
  5 quokkas
  4 ball pythons
  2 bats (D:3)
  A frilled lizard (D:1)
  3 rats
52 creatures vanquished.

Notes
Turn   | Place    | Note
-------+----------+-------------------------------------------
     0 | D:1      | qw the Gargoyle Hunter began the quest for the Orb.
     0 | D:1      | Reached XP level 1. HP: 12/12 MP: 1/1
     0 | D:1      | 0 ||| qw: Version: 0.3-a-132-g3d54051
     0 | D:1      | 0 ||| qw: Game counter: 380
     0 | D:1      | 0 ||| qw: Melee chars always use a shield: true
     0 | D:1      | 0 ||| qw: God list: Okawaru
     0 | D:1      | 0 ||| qw: Allow faded altars: false
     0 | D:1      | 0 ||| qw: Do Orc after clearing Dungeon:15 true
     0 | D:1      | 0 ||| qw: Do second Lair branch before Depths: true
     0 | D:1      | 0 ||| qw: Lair rune preference: random
     0 | D:1      | 0 ||| qw: Goals: Normal
     0 | D:1      | 0 ||| PLANNING D:1-11
   136 | D:1      | Reached XP level 2. HP: 17/17 MP: 2/2
   207 | D:1      | Found a faded altar of an unknown god.
   503 | D:1      | 503 ||| READING 2 scrolls labelled TUKLIDITUOL.
   503 | D:1      | 503 ||| IDENTIFYING silvery potion
   504 | D:1      | 504 ||| READING scroll of identify.
   504 | D:1      | 504 ||| IDENTIFYING red potion
   505 | D:1      | 505 ||| READING scroll labelled YSHRAI XELUEK.
   606 | D:1      | 606 ||| READING scroll labelled JUS FAOXINWI.
   607 | D:1      | 607 ||| DROPPING scroll of butterflies.
   608 | D:1      | 608 ||| DROPPING potion of degeneration.
  1015 | D:2      | Found a bloodstained altar of Trog.
  1020 | D:2      | Reached XP level 3. HP: 21/21 MP: 3/3
  1070 | D:2      | Reached skill level 5 in Ranged Weapons
  1190 | D:2      | 1190 ||| UPGRADING to +0 ring mail.
  1200 | D:2      | 1200 ||| DROPPING +0 leather armour.
  1201 | D:2      | 1201 ||| UPGRADING to amulet of the acrobat.
  1206 | D:2      | 1206 ||| UPGRADING to amulet of regeneration.
  1216 | D:2      | 1216 ||| DROPPING amulet of the acrobat.
  1217 | D:2      | 1217 ||| READING scroll of identify.
  1217 | D:2      | 1217 ||| IDENTIFYING glowing dark potion
  1218 | D:2      | 1218 ||| READING 2 scrolls labelled POTHIV NEONWIA.
  1219 | D:2      | 1219 ||| FLEEEEING.
  1222 | D:2      | 1222 ||| READING scroll labelled FAFOR CUTOLI.
  1222 | D:2      | 1222 ||| ENCHANTING +0 shortbow.
  1223 | D:2      | 1223 ||| READING scroll labelled ROFIOREARO.
  1224 | D:2      | 1224 ||| DRINKING 2 smoky orange potions.
  1280 | D:3      | Reached XP level 4. HP: 26/26 MP: 4/4
  1553 | D:3      | Noticed Robin
  1563 | D:3      | Killed Robin
  1564 | D:3      | Reached skill level 3 in Fighting
  1796 | D:3      | Found an iron altar of Okawaru.
  1797 | D:3      | 1797 ||| PLANNING OKAWARU WORSHIP
  1797 | D:3      | 1797 ||| UPGRADING to +0 helmet.
  1802 | D:3      | 1802 ||| READING scroll labelled VEOSHR CAUSKUR.
  1804 | D:3      | Found a shimmering blue altar of Sif Muna.
  1804 | D:3      | Found a radiant altar of Vehumet.
  1804 | D:3      | Found an opulent altar of Gozag.
  1807 | D:3      | Became a worshipper of Warmaster Okawaru
  1808 | D:3      | 1808 ||| PLANNING D:1-11
  1811 | D:3      | Found a white marble altar of Elyvilon.
  1969 | D:3      | Reached XP level 5. HP: 32/32 MP: 5/5
  2195 | D:4      | Found a hazy altar of Hepliaklqana.
  2237 | D:4      | HP: 4/32 [orc/+2 flail of protection (6)]
  2238 | D:4      | 2238 ||| READING 2 scrolls of teleportation.
  2239 | D:4      | Killed from afar by an orc wizard

Levels and vault maps discovered:
D:1:      roderic_octagonal_star, layout_basic,
          hellmonk_ecumenical_altar_heavens_door
D:2:      layout_loops_cross, basic_altar
D:3:      layout_basic, minitemple, uniq_robin
D:4:      layout_loops_ring, mainiacjoe_overflow_catwalk

Skill      XL: |  1  2  3  4 |
---------------+-------------+-----
Ranged Weapons | 5 |  5.2
Armour         | 2 |  2.4
Fighting       | 3 |  3.1
Dodging        | |  1.5
Stealth        | |  1.1

Action                     |  1- 3 |  4- 6 || total
---------------------------+-------+-------++-------
   Fire: Shortbow          |    89 |    98 ||   187
    Use: Scroll            |     8 |     2 ||    10
         Potion            |     1 |       ||     1
 Armour: Leather armour    |    10 |       ||    10
         Ring mail         |     2 |    96 ||    98
  Dodge: Dodged            |    15 |    44 ||    59

Table legend:
 A = Non-vault XP
 B = Vault XP
 C = Vault XP percentage of total XP
 D = Non-vault monster count
 E = Vault monster count
 F = Vault count percentage of total count
                 A         B        C        D         E       F
            +---------+---------+-------+---------+---------+-------
      Total |     181 |      30 |  14.2 |      44 |       8 |  15.4
            +---------+---------+-------+---------+---------+-------
        D:1 |      27 |       0 |   0.0 |      15 |       0 |   0.0
        D:2 |      12 |       0 |   0.0 |       6 |       0 |   0.0
        D:3 |      97 |      30 |  23.6 |      21 |       8 |  27.6
        D:4 |      45 |       0 |   0.0 |       2 |       0 |   0.0
            +---------+---------+-------+---------+---------+-------
